 Dungeon Crawl Stone Soup version 0.26-a0-451-gacbe401 (webtiles) character file.

Game seed: 4442418860528111392

37 Illumine the Firebug (level 3, -2/31 HPs)
             Began as an Ogre Fire Elementalist on July 27, 2020.
             Slain by an ogre
             ... wielding a +0 giant club
              (23 damage)
             ... on level 1 of the Dungeon.
             The game lasted 00:01:57 (1456 turns).

Illumine the Firebug (Ogre Fire Elementalist)       Turns: 1456, Time: 00:01:58

Health: -2/31      AC:  3    Str: 12    XL:     3   Next: 39%
Magic:  5/7        EV: 10    Int: 17    God:
Gold:   51         SH:  0    Dex:  9    Spells: 7/8 levels left

rFire    . . .     SeeInvis .   h - +0 club
rCold    . . .     Faith    .   (no shield)
rNeg     . . .     Spirit   .   a - +0 robe
rPois    .         Reflect  .   (helmet restricted)
rElec    .         Harm     .   (no cloak)
rCorr    .                      (gloves unavailable)
MR       .....                  (boots unavailable)
Stlth    +.........             (no amulet)
HPRegen  0.10/turn              (no ring)
MPRegen  0.10/turn              (no ring)

@: no status effects
A: large, unfitting armour, tough skin 1
a: no special abilities


You were on level 1 of the Dungeon.
You visited 1 branch of the dungeon, and saw 2 of its levels.

You collected 51 gold pieces.

Inventory:

Hand Weapons
 e - a +0 dagger
 g - a +0 short sword
 h - a +0 club (weapon)
Armour
 a - a +0 robe (worn)
Jewellery
 f - an uncursed ring of positive energy {unknown}
 j - an uncursed ring of stealth {unknown}
Scrolls
 c - 3 scrolls of remove curse {unknown}
 i - a scroll of identify {unknown}
 k - a scroll of enchant weapon {unknown}
Potions
 b - 4 potions of curing {unknown}
 d - a potion of brilliance {unknown}


   Skills:
 + Level 2.2 Dodging
 - Level 1.4 Stealth
 + Level 3.0 Spellcasting
 + Level 1.5 Conjurations
 + Level 3.0 Fire Magic


You had 7 spell levels left.
You knew the following spells:

 Your Spells              Type           Power        Failure   Level
a - Foxfire               Conj/Fire      ##..         7%          1

Your spell library contained the following spells:

 Spells                   Type           Power        Failure   Level
 Conjure Flame            Conj/Fire      ##......     21%         3
 Inner Flame              Hex/Fire       #.......     28%         3
 Sticky Flame             Conj/Fire      ##......     56%         4
 Fireball                 Conj/Fire      ##........   88%         5


Dungeon Overview and Level Annotations

Branches:
Dungeon (2/15)

Altars:


Innate Abilities, Weirdness & Mutations

You are too large for most types of armour.
You have tough skin. (AC +1)


Message History

A kobold comes into view. It is wielding a +0 whip.
The foxfire hits the ogre.
The ogre is heavily wounded.
The foxfire hits the ogre.
The ogre is heavily wounded.
There is a stone staircase leading up here.
Casting: Foxfire (safe; 7% risk of failure)
Confirm with . or Enter, or press ? or * to list all spells.
You conjure some foxfire!
A kobold comes into view. It is wielding a +0 short sword.
The foxfire hits the ogre.
The ogre is severely wounded.
The foxfire hits the ogre.
The ogre is severely wounded.
The ogre hits you with a +0 giant club!
You climb upwards.
There is a stone staircase leading down here.
The ogre hits you with a +0 giant club!!
Ouch! That really hurt!
You die...

##.###.#######.....##
##.#.## #.......
##.## #.....## #.#
#.#.#### #.# #.#.####
#.# #....... #.#
##...### #O###
##.....## #@#.##
##.......#
#....####.........
#.....†.'.........
###[...####.........
#........###.......#
#.#.####.# ##.....##
#.#.# #.# ##...##
#.#.## #.# ##'##
#.#..# #.# #.#


You could see an ogre.

Vanquished Creatures
  An ooze (D:1)
  3 dart slugs (D:1)
  5 bats (D:1)
  2 giant cockroaches (D:1)
  4 goblins (D:1)
  A hobgoblin (D:1)
  2 frilled lizards (D:1)
  5 kobolds (D:1)
  4 rats (D:1)
27 creatures vanquished.

Vanquished Creatures (others)
  77 foxfires
77 creatures vanquished.

Grand Total: 104 creatures vanquished

Notes
Turn   | Place    | Note
-------+----------+-------------------------------------------
     0 | D:1      | Illumine the Ogre Fire Elementalist began the quest for the
                  | Orb.
     0 | D:1      | Reached XP level 1. HP: 16/16 MP: 3/3
   128 | D:1      | Reached skill level 1 in Conjurations
   194 | D:1      | Reached XP level 2. HP: 24/24 MP: 0/5
   779 | D:1      | Reached XP level 3. HP: 31/31 MP: 4/7
  1434 | D:2      | Noticed an ogre
  1456 | D:1      | Slain by an ogre

Illustrated notes

Levels and vault maps discovered:
D:1:      dpeg_arrival_tiny_a, layout_loops_corners
D:2:      layout_basic, uniq_crazy_yiuf_cottage, uniq_robin

Skill      XL: |  1  2  3 |
---------------+----------+-----
Conjurations   | 1 |  1.5
Dodging        | 2 |  2.2
Fire Magic     | 3 |  3.0
Spellcasting   | 3 |  3.0
Stealth        | |  1.4

Action                   || total
-------------------------++-------
Melee: Dagger            ||     5
       Club              ||     4
 Cast: Foxfire           ||    48
Armor: Robe              ||     6
Dodge: Dodged            ||    15

Table legend: (Time is in decaauts)
 A = Elapsed time spent in this place.
 B = Non-inter-level travel time spent in this place.
 C = Inter-level travel time spent in this place.
 D = Time resting spent in this place.
 E = Time spent auto-exploring this place.
 F = Levels seen in this place.
 G = Mean time per level.
                   A        B        C        D        E       F      G
               +--------+--------+--------+--------+--------+-----+--------+
         Total |   1456 |   1453 |      3 |     49 |   1188 |   2 |  728.0 |
       Dungeon |   1456 |   1453 |      3 |     49 |   1188 |   2 |  728.0 |
               +--------+--------+--------+--------+--------+-----+--------+

Top non-repeatable levels by time:
     D:1: 1379 daAuts
     D:2: 76 daAuts
